 Dungeon Crawl Stone Soup version 0.22-a0-181-gb22368a (webtiles) character file.

101 Amnesiac the Magician (level 4, -7/30 HPs)
             Began as a Mummy Earth Elementalist on Feb 14, 2018.
             Mangled by an orc
             ... wielding a +0 flail
              (9 damage)
             ... on level 2 of the Dungeon.
             The game lasted 00:02:18 (2395 turns).

Amnesiac the Magician (Mummy Earth Elementalist)    Turns: 2395, Time: 00:02:19

Health: -7/30      AC:  3    Str: 11    XL:     4   Next: 48%
Magic:  1/8        EV: 12    Int: 15    God:
Gold:   113        SH:  0    Dex: 12    Spells: 6/9 levels left

rFire    x . .     SeeInvis .   f - +3 short sword
rCold    + . .     Gourm    .   (no shield)
rNeg     + + +     Faith    .   c - +0 robe
rPois    ∞         Spirit   .   (no helmet)
rElec    .         Reflect  .   i - +0 cloak
rCorr    .         Harm     .   (no gloves)
MR       .....                  (no boots)
Stlth    ++........             (no amulet)
HPRegen  0.10/turn              (no ring)
MPRegen  0.11/turn              (no ring)

@: no status effects
A: no food or potions, fire vulnerability, cold resistance 1, negative energy
resistance 3, torment resistance, unbreathing
a: no special abilities


You were on level 2 of the Dungeon.
You were not hungry.

You visited 1 branch of the dungeon, and saw 3 of its levels.

You collected 113 gold pieces.

Inventory:

Hand Weapons
 f - a +3 short sword (weapon)
Missiles
 b - 106 stones (quivered)
Armour
 c - a +0 robe (worn)
 i - a +0 cloak (worn)
 l - a +0 pair of boots
Scrolls
 a - 3 scrolls of enchant weapon {!r, unknown}
 e - a scroll of amnesia {!r, unknown}
 g - a scroll of fog {!r, unknown}
 h - a scroll of identify {!r, unknown}
 j - a scroll of remove curse {!r, unknown}
 k - a scroll of immolation {!r, unknown}
Books
 d - a book of Geomancy

   Spells                             Type                      Level
   a - Sandblast                      Earth                        1
   b - Passwall                       Transmutation/Earth          2
   c - Stone Arrow                    Conjuration/Earth            3
   d - Petrify                        Transmutation/Earth          4
   e - Lee's Rapid Deconstruction     Earth                        5


   Skills:
 - Level 2.0 Short Blades
 - Level 1.5 Dodging
 - Level 2.0 Stealth
 + Level 3.2 Spellcasting
 - Level 1.1 Transmutations
 * Level 3.1 Earth Magic


You had 6 spell levels left.
You knew the following spells:

 Your Spells              Type           Power        Failure   Level  Hunger
a - Sandblast             Erth           ##....       5%          1    N/A
b - Passwall              Tmut/Erth      #.........   12%         2    N/A

Dungeon Overview and Level Annotations

Branches:
Dungeon (3/15)

Altars:
Nemelex Xobeh
Zin


Innate Abilities, Weirdness & Mutations

You do not eat or drink.
Your flesh is vulnerable to fire.
You are immune to poison.
Your flesh is cold resistant. (rC+)
You are immune to negative energy. (rN+++)
You are immune to unholy pain and torment.
You can survive without breathing.


Message History

The orc priest hits you. The orc hits you with a flail.
Casting: Sandblast (safe; 5% risk of failure)
Confirm with . or Enter, or press ? or * to list all spells.
Aiming: Sandblast (safe; 5% risk of failure)
Press: ? - help, Shift-Dir - straight line, f/p - orc priest
Aim: an orc priest, wearing a scale mail (lightly wounded)
The blast of sand hits the orc priest.
The orc priest is lightly wounded.
b - 111 stones The orc priest barely misses you.
Unknown command.
Casting: Sandblast (safe; 5% risk of failure)
Confirm with . or Enter, or press ? or * to list all spells.
Aiming: Sandblast (safe; 5% risk of failure)
Press: ? - help, Shift-Dir - straight line, f/p - orc priest
Aim: an orc priest, wearing a scale mail (lightly wounded)
The blast of sand hits the orc priest.
The orc priest is heavily wounded.
b - 110 stones The orc barely misses you.
The orc priest misses you.
Unknown command.
Casting: Sandblast (safe; 5% risk of failure)
Confirm with . or Enter, or press ? or * to list all spells.
Aiming: Sandblast (safe; 5% risk of failure)
Press: ? - help, Shift-Dir - straight line, f/p - orc priest
Aim: an orc priest, wearing a scale mail (heavily wounded)
The blast of sand hits the orc priest.
The orc priest is heavily wounded.
b - 109 stones The orc barely misses you.
The orc priest hits you.
Unknown command.
Casting: Sandblast (safe; 5% risk of failure)
Confirm with . or Enter, or press ? or * to list all spells.
Aiming: Sandblast (safe; 5% risk of failure)
Press: ? - help, Shift-Dir - straight line, f/p - orc priest
Aim: an orc priest, wearing a scale mail (heavily wounded)
The blast of sand misses the orc priest.
b - 108 stones The orc hits you with a flail.
The orc priest looks encouraged for a moment.
Unknown command.
Casting: Sandblast (safe; 5% risk of failure)
Confirm with . or Enter, or press ? or * to list all spells.
Aiming: Sandblast (safe; 5% risk of failure)
Press: ? - help, Shift-Dir - straight line, f/p - orc priest
Aim: an orc priest, wearing a scale mail (heavily wounded)
The blast of sand hits the orc priest.
The orc priest is almost dead.
b - 107 stones The orc closely misses you.
The orc priest calls down the wrath of Beogh upon you.
Beogh smites you!
Ouch! That really hurt!
* * * LOW HITPOINT WARNING * * *
Casting: Sandblast (safe; 5% risk of failure)
Confirm with . or Enter, or press ? or * to list all spells.
Aiming: Sandblast (safe; 5% risk of failure)
Press: ? - help, Shift-Dir - straight line, f/p - orc priest
Aim: an orc priest, wearing a scale mail (almost dead)
The blast of sand hits the orc priest.
The orc priest is almost dead.
b - 106 stones The orc priest closely misses you.
The orc hits you with a flail!
You die...

..#....####.###..................
###....# #.###......÷.......####
._#....####.........<........#
###........####[..>..........#
.⌠#...##......#..............#
⌠#######......#..#############
### #.....!...#
..######......#.o#
.......'......+o@#
..######......#### .## #......#
.# #......# .# #......# ##
#......# #......# ########


You could see an orc priest and an orc.

Vanquished Creatures
  Jessica (D:2)
  4 adders (D:2)
  An ooze (D:2)
  A worm (D:2)
  2 leopard geckos (D:1)
  A giant cockroach (D:2)
  4 goblins
  5 hobgoblins
  2 jackals (D:2)
  3 bats (D:2)
  3 frilled lizards
  3 kobolds
  2 rats
32 creatures vanquished.

Notes
Turn   | Place    | Note
-------+----------+-------------------------------------------
     0 | D:1      | Amnesiac the Mummy Earth Elementalist began the quest for the Orb.
     0 | D:1      | Reached XP level 1. HP: 13/13 MP: 4/4
   809 | D:1      | Reached XP level 2. HP: 16/19 MP: 5/5
   883 | D:1      | Learned a level 2 spell: Passwall
  1508 | D:2      | Reached skill level 1 in Short Blades
  1579 | D:2      | Reached XP level 3. HP: 5/24 MP: 0/7
  1987 | D:2      | Found a sparkling altar of Nemelex Xobeh.
  1988 | D:2      | Found a glowing silver altar of Zin.
  2231 | D:2      | Noticed Jessica
  2237 | D:2      | Killed Jessica
  2237 | D:2      | Reached XP level 4. HP: 19/30 MP: 3/8
  2242 | D:2      | Reached skill level 1 in Transmutations
  2395 | D:2      | Mangled by an orc

Vault maps used:
D:1:      minmay_arrival_wavy_path, hex_medium
D:2:      minitemple, uniq_jessica
D:3:      first_ration, grunt_ashenzari_visionary, uniq_crazy_yiuf_cottage,
          uniq_natasha, uniq_ijyb, uniq_terence, uniq_grinder

Skill      XL: |  1  2  3  4 |
---------------+-------------+-----
Stealth        | 2 |  2.0
Short Blades   | 1 2 |  2.0
Spellcasting   | 3 |  3.2
Earth Magic    | 3 |  3.1
Transmutations | 1 |  1.1
Dodging        | |  1.5

Action                   |  1- 3 |  4- 6 || total
-------------------------+-------+-------++-------
Melee: Short sword       |    76 |     2 ||    78
 Cast: Sandblast         |    18 |    11 ||    29
 Stab: Sleeping          |     5 |     1 ||     6
Armor: Robe              |    16 |     1 ||    17
Dodge: Dodged            |    61 |    15 ||    76

Table legend:
 A = Spawn XP
 B = Non-spawn XP
 C = Spawn XP percentage of total XP
 D = Spawn monster count
 E = Non-spawn monster count
 F = Spawn count percentage of total count
 G = Total turns spent on level
                    A         B        C        D         E        F      G
               +---------+---------+-------+---------+---------+-------+---------
         Total |       0 |     145 |   0.0 |       0 |      32 |   0.0 |  2395
               +---------+---------+-------+---------+---------+-------+---------
           D:1 |       0 |      17 |   0.0 |       0 |      10 |   0.0 |  1433
           D:2 |       0 |     128 |   0.0 |       0 |      22 |   0.0 |   959
               +---------+---------+-------+---------+---------+-------+---------
